 Dungeon Crawl Stone Soup version 0.30.0-13-g156ef70053 (webtiles) character file.

Game seed: 6036546184547833375

64 qdestroyer the Chopper (level 3, 0/34 HPs)
             Began as a Minotaur Berserker on May 18, 2023.
             Was a Follower of Trog.
             Slain by an adder (2 damage)
             ... on level 2 of the Dungeon.
             The game lasted 00:01:20 (751 turns).

qdestroyer the Chopper (Minotaur Berserker)          Turns: 751, Time: 00:01:20

Health: 0/34       AC:  0    Str: 23    XL:     3   Next: 91%
Magic:  2/2        EV: 12    Int:  4    God:    Trog [*.....]
Gold:   87         SH:  0    Dex:  9    Spells: 2/2 levels left

rFire   . . .        a - +0 hand axe
rCold   . . .        (no shield)
rNeg    . . .        (no body armour)
rPois   .            (helmet restricted)
rElec   .            (no cloak)
rCorr   .            (no gloves)
SInv    .            (no boots)
Will    .....        (no amulet)
Stlth   +            (no ring)
HPRegen 0.25/turn    (no ring)
MPRegen 0.08/turn

%: no passive effects
@: lethally poisoned (0 -> -3), on berserk cooldown, slowed, very slow
A: horns 2, retaliatory headbutt
a: Renounce Religion, Berserk


You were on level 2 of the Dungeon.
You worshipped Trog.
Trog was aware of your devotion.
You visited 1 branch of the dungeon, and saw 2 of its levels.

You collected 87 gold pieces.

Inventory:

Hand Weapons
 a - a +0 hand axe (weapon)
Armour
 b - a +0 animal skin
 j - a +0 chain mail
Scrolls
 e - a scroll of enchant armour {unknown}
 f - a scroll of noise {unknown}
 g - a scroll of teleportation {unknown}
 h - a scroll of identify {unknown}
 i - a scroll of immolation {unknown}
Potions
 c - a potion of curing {unknown}
 d - 2 potions of might {unknown}


   Skills:
 + Level 4.6 Fighting
 + Level 4.8 Axes
 + Level 2.9 Armour
 - Level 2.2 Dodging


You had 2 spell levels left.
You didn't know any spells.
Your spell library was empty.

Dungeon Overview and Level Annotations

Branches:
Dungeon (2/15)

Altars:


Innate Abilities, Weirdness & Mutations

You have a pair of horns on your head.
You reflexively headbutt those who attack you in melee.


Message History

The adder hisses angrily.
You slash the adder!
The adder is heavily wounded.
The adder barely misses you. The adder misses you.
You miss the adder. Your punch misses the adder.
The adder is heavily wounded.
The adder bites you. x2
You are poisoned.
The adder poisons you!
You hit the adder but do no damage.
The adder is heavily wounded.
You feel sick.
The adder bites you. x2; The adder misses you.
You furiously retaliate!
You headbutt the adder. You closely miss the adder.
Your headbutt misses the adder.
The adder is heavily wounded.
You closely miss the adder.
You feel sick. The adder completely misses you.
The adder closely misses you. x2; The adder bites you. x2
* * * LOW HITPOINT WARNING * * *
Okay, then.
You barely miss the adder.
The adder is heavily wounded.
You barely miss the adder.
You feel sick.
You are no longer poisoned.
The adder completely misses you. You furiously retaliate!
You headbutt the adder. The adder barely misses you. You furiously retaliate!
You headbutt the adder!
You kill the adder!
Trog accepts your kill. The adder bites you.
* * * LOW HITPOINT WARNING * * *
The adder bites you.
* * * LOW HITPOINT WARNING * * *
You are lethally poisoned!
The adder poisons you!
You hit the adder.
The adder is severely wounded.
* * * LOW HITPOINT WARNING * * *
You feel very sick. The adder bites you.
You die...

....... .. .#.#... ..
... .......#. ....
......... ....
.........# .....
........)####...... ..
..................
.............S##...#.
..(..#.##..).@†......
..#.##............... ..
#?..................
...##......#...###......
.# .....................
.# ####.#.#######......
.#######.....# .....
#..........#.### .....
#..........#...#######


You could see an adder.

Vanquished Creatures
  Terence (D:2)
  An adder (D:2)
  A worm (D:2)
  A dart slug (D:1)
  2 ball pythons
  3 endoplasms (D:1)
  A giant cockroach (D:1)
  2 goblins (D:1)
  2 hobgoblins (D:1)
  A quokka (D:1)
  2 bats (D:1)
  A frilled lizard (D:1)
  3 kobolds
  4 rats (D:1)
25 creatures vanquished.

Notes
Turn   | Place    | Note
-------+----------+-------------------------------------------
     0 | D:1      | qdestroyer the Minotaur Berserker began the quest for the
                  | Orb.
     0 | D:1      | Reached XP level 1. HP: 19/19 MP: 0/0
   136 | D:1      | Reached XP level 2. HP: 27/27 MP: 1/1
   500 | D:1      | Found a faded altar of an unknown god.
   721 | D:2      | Noticed Terence
   728 | D:2      | Killed Terence
   729 | D:2      | Reached XP level 3. HP: 34/34 MP: 2/2
   751 | D:2      | Slain by an adder

Illustrated notes

Levels and vault maps discovered:
D:1:      onia_arrival_pyramid, layout_loops_ring,
          dreamdust_ecumenical_altar_statues, grunt_decor_mini_mirrors
D:2:      layout_rooms, minivault_5, uniq_terence, uniq_jessica

Skill      XL: |  1  2 |
---------------+-------+-----
Fighting       | 4 |  4.6
Axes           | 4 |  4.8
Armour         | |  2.9
Dodging        | |  2.2

Action                     || total
---------------------------++-------
  Melee: Hand axe          ||    51
         Headbutt          ||     9
 Invoke: Berserk           ||     1
 Armour: Animal skin       ||     2
  Dodge: Dodged            ||    31
